 Dungeon Crawl Stone Soup version 0.30-a0-953-g5f1da4a474 (webtiles) character file.

Game seed: 14787231816085624434

9662 Lobster4 the Fighter (level 11, -6/117 HPs)
             Began as an Ogre Gladiator on Mar 29, 2023.
             Was a Believer of Uskayaw.
             Killed by divine providence
             ... invoked by an orc priest
              (16 damage)
             ... on level 10 of the Dungeon.
             The game lasted 00:32:49 (11640 turns).

Lobster4 the Fighter (Ogre Gladiator)              Turns: 11640, Time: 00:32:49

Health: -6/117     AC: 10    Str: 20    XL:     11   Next: 50%
Magic:  15/15      EV: 10    Int: 13    God:    Uskayaw [**....]
Gold:   672        SH:  0    Dex: 10    Spells: 13/16 levels left

rFire   + + .      SeeInvis .    a - +0 war axe (elec)
rCold   + . .      Faith    .    (no shield)
rNeg    . . .      Spirit   .    J - +0 swamp dragon scales
rPois   +          Reflect  .    c - +1 hat
rElec   .          Rampage  .    R - scarf {rC+ rF+}
rCorr   +                        (gloves unavailable)
Will    +....                    (boots unavailable) Stlth
                                 (no amulet)
HPRegen 0.39/turn                i - ring of protection from fire
MPRegen 0.14/turn                l - ring of resist corrosion

@: no status effects
A: large, unfitting armour, tough skin 1
a: Renounce Religion, Stomp, Line Pass


You were on level 10 of the Dungeon.
You worshipped Uskayaw.
Uskayaw was noncommittal.
You visited 2 branches of the dungeon, and saw 11 of its levels.
You also visited: Sewer.

You collected 672 gold pieces.

Inventory:

Hand Weapons
 a - a +0 war axe of electrocution (weapon)
 g - a +1 whip of venom
 p - a +0 sling of freezing
 s - a +0 war axe
 A - a +2 flail of protection
 G - a +1 whip of draining
 H - a +0 giant spiked club
Missiles
 d - 2 throwing nets
 f - 37 stones (quivered)
 k - 37 poisoned darts
 q - 4 large rocks
 y - 2 curare-tipped darts
 E - 3 datura-tipped darts
Armour
 c - a +1 hat (worn)
 e - the +0 cloak of the Mashing Gods {rPois}
   (You found it on level 3 of the Dungeon)

   rPois:     It protects you from poison.
 o - a +2 robe of cold resistance
 t - an orb of energy
 J - +0 swamp dragon scales (worn)
 O - a +1 cloak of preservation
 R - a scarf of resistance (worn)
Jewellery
 i - a ring of protection from fire (left hand)
 l - a ring of resist corrosion (right hand)
 z - a +6 ring of dexterity
 C - a +6 ring of intelligence
 N - a ring of see invisible
Wands
 v - a wand of roots (11)
Scrolls
 b - a scroll of amnesia
 h - 3 scrolls of magic mapping
 m - 4 scrolls of blinking
 n - 2 scrolls of teleportation
 u - a scroll of acquirement
 B - 3 scrolls of fog
 F - 2 scrolls of enchant armour
 I - 3 scrolls of enchant weapon {unknown}
 K - 2 scrolls of torment {unknown}
 P - a scroll of identify
 Q - a scroll of fear {unknown}
Potions
 j - 2 potions of mutation
 r - a potion of resistance
 w - 5 potions of brilliance
 x - a potion of invisibility
 D - a potion of lignification
 L - 2 potions of curing
 M - 3 potions of heal wounds {unknown}
 S - a potion of cancellation {unknown}
Miscellaneous
 T - a lightning rod (4/4)


   Skills:
 + Level 10.0 Fighting
 - Level 8.0 Axes
 - Level 6.0 Throwing
 + Level 4.9 Armour
 + Level 7.2 Dodging
 - Level 3.0 Spellcasting
 + Level 5.4 Transmutations
 - Level 5.0 Invocations
 - Level 3.0 Evocations


You had 13 spell levels left.
You knew the following spells:

 Your Spells              Type           Power      Damage    Failure   Level
a - Beastly Appendage     Tmut           32%        N/A       4%          1
b - Wereblood             Tmut           16%        N/A       6%          2

Your spell library contained the following spells:

 Spells                   Type           Power      Damage    Failure   Level
 Apportation              Tloc           2%         N/A       36%         1
 Necrotise                Necr           4%         1d4       36%         1
 Summon Small Mammal      Summ           4%         N/A       36%         1
 Spider Form              Tmut/Pois      9%         N/A       36%         3
 Sublimation of Blood     Necr           1%         N/A       50%         2
 Summon Lightning Spire   Summ/Air       1%         N/A       98%         4
 Storm Form               Tmut/Air       4%         N/A       100%        7
 Summon Hydra             Summ           0%         N/A       100%        7
 Maxwell's Capacitive Co  Air            0%         ∞         100%        8


Dungeon Overview and Level Annotations

Branches:
Dungeon (10/15)            Temple (1/1) D:6           Sewer (visited)
   Lair: D:8-11         Orc: D:9-12

Altars:
Ashenzari
Cheibriados
Dithmenos
Elyvilon
Gozag
Hepliaklqana
Kikubaaqudgha
Makhleb
Nemelex Xobeh
Okawaru
Qazlal
Ru
Trog
Uskayaw
Vehumet
Wu Jian
Xom
Yredelemnul
Zin
The Shining One


Innate Abilities, Weirdness & Mutations

You are too large for most types of armour.
You have tough skin. (AC +1)


Message History

You hear some strange, mumbled words.
You are confused.
Something hits you.
* * * LOW HITPOINT WARNING * * *
Something bites you but does no damage.
An orc priest comes into view. It is wielding a +0 morningstar.
The orc priest shouts!
You hear a shout! x3
An orc priest comes into view. It is wielding a +0 whip.
An orc priest comes into view. It is wielding a +0 mace.
You feel better.
The orc priest shouts!
You hear a howl!
An orc comes into view. It is wielding a +0 flail.
You hear some strange, mumbled words.
Something tries to affect you, but you resist.
Your horns disappear.
Your talons disappear.
Your +1 hat unmelds from your body.
Something hits you but does no damage. Something bites you but does no damage.
Something hits you.
* * * LOW HITPOINT WARNING * * *
Something bites you.
* * * LOW HITPOINT WARNING * * *
Something draws strength from your injuries!
You completely miss something.
The orc priest mumbles some strange prayers to Beogh against you.
Something hits you but does no damage. Something bites you.
* * * LOW HITPOINT WARNING * * *
Something draws strength from your injuries!
You hit something but do no damage. Something hits you.
* * * LOW HITPOINT WARNING * * *
Something bites you.
* * * LOW HITPOINT WARNING * * *
Something draws strength from your injuries!
You slash something! Something hits you.
* * * LOW HITPOINT WARNING * * *
Something bites you.
* * * LOW HITPOINT WARNING * * *
Something draws strength from your injuries!
The orc priest invokes the aid of Beogh against you.
Beogh smites you!
You die...

........#...##......##
......<.##.###.......#
...####..........8..)# ####
###.###........#
#.#..........# ..
#.#..........# ...
#########.....#......###o...
...........##.#........o..o.
####............@{.o..##..
#...........#.##....o.#
..#.........#.##.)....#
###.......#....#./....#
.....#.........######....
.<.#.........#.# ####
...######.##.#<# }.........#
...########


You could see 3 orc priests.

Vanquished Creatures
  A two-headed ogre (D:9)
  3 centaur zombies (D:10)
  Maurice (D:8)
  Joseph (D:7)
  Maggie (D:6)
  Psyche (D:8)
  Sigmund (D:6)
  A shadow (D:10)
  2 vampires (D:10)
  2 wyverns
  2 wraiths
  Eustachio (D:6)
  A steam dragon (D:9)
  An acid dragon (D:8)
  5 orc warriors
  3 black bears
  2 ice beasts (D:5)
  8 ogres
  2 centaurs
  8 kobold brigands
  A phantom (D:6)
  A gnoll sergeant (D:6)
  2 bullfrogs
  3 scorpions (D:5)
  18 wights (D:8)
  5 killer bees (D:9)
  2 vampire bats (D:3)
  4 orc priests
  3 hounds
  8 gnoll boudas
  Terence (D:3)
  3 iguanas
  7 orc wizards
  A howler monkey zombie (D:10)
  30 gnolls
  9 adders
  A river rat (Sewer)
  2 shadow imps
  2 white imps
  An ufetubus (D:6)
  4 worms
  3 dart slugs
  27 orcs
  5 bats
  3 bat skeletons (D:3)
  A bat zombie (D:3)
  9 endoplasms
  6 giant cockroaches
  7 goblins
  7 hobgoblins
  8 jackals
  2 quokkas
  7 ball pythons
  9 frilled lizards
  27 kobolds
  7 rats
283 creatures vanquished.

Vanquished Creatures (others)
  An orc wizard (D:9)
  2 orcs
  6 fungi (D:9)
  14 plants
  A withered plant (D:10)
24 creatures vanquished.

Grand Total: 307 creatures vanquished

Notes
Turn   | Place    | Note
-------+----------+-------------------------------------------
     0 | D:1      | Lobster4 the Ogre Gladiator began the quest for the Orb.
     0 | D:1      | Reached XP level 1. HP: 22/22 MP: 1/1
   196 | D:1      | Reached XP level 2. HP: 27/29 MP: 2/2
   285 | D:1      | Reached skill level 3 in Fighting
   669 | D:1      | Reached XP level 3. HP: 34/37 MP: 3/3
  1232 | D:2      | Reached skill level 1 in Armour
  1562 | D:2      | Reached XP level 4. HP: 38/45 MP: 4/4
  1840 | D:2      | Found a faded altar of an unknown god.
  1896 | D:2      | Learned a level 1 spell: Beastly Appendage
  2126 | D:3      | Noticed Terence
  2270 | D:3      | Killed Terence
  2279 | D:3      | Identified the +0 cloak of the Mashing Gods {rPois}
  2529 | D:3      | Reached XP level 5. HP: 51/54 MP: 5/5
  2595 | D:3      | Found a radiant altar of Vehumet.
  2672 | D:3      | Found an ancient bone altar of Kikubaaqudgha.
  2683 | D:3      | Reached skill level 4 in Fighting
  2683 | D:3      | Reached skill level 1 in Spellcasting
  3041 | D:3      | Reached skill level 1 in Transmutations
  3083 | D:4      | Reached XP level 6. HP: 45/62 MP: 7/7
  3173 | D:4      | Found a glowing drain.
  3181 | Sewer    | Entered a sewer
  3528 | Sewer    | Reached XP level 7. HP: 17/71 MP: 8/10
  4447 | D:5      | Entered Level 5 of the Dungeon
  4532 | D:5      | Identified a scroll of acquirement
  4829 | D:5      | Found a broken altar of Ashenzari.
  4884 | D:5      | Reached skill level 5 in Fighting
  4948 | D:5      | Reached XP level 8. HP: 80/80 MP: 10/12
  5112 | D:5      | Reached skill level 5 in Axes
  5127 | D:5      | Reached skill level 6 in Fighting
  5282 | D:5      | Found a shimmering altar of Xom.
  5508 | D:6      | Reached skill level 5 in Dodging
  5716 | D:6      | Reached XP level 9. HP: 88/92 MP: 13/13
  5769 | D:6      | Noticed Maggie
  5794 | D:6      | Reached skill level 7 in Fighting
  5802 | D:6      | Killed Maggie
  6014 | D:6      | Noticed Sigmund
  6023 | D:6      | Killed Sigmund
  6117 | D:6      | Found a staircase to the Ecumenical Temple.
  6131 | Temple   | Entered the Ecumenical Temple
  6224 | Temple   | Became a worshipper of Uskayaw the Reveller
  6293 | D:6      | Reached * piety under Uskayaw
  6298 | D:6      | Reached ** piety under Uskayaw
  6301 | D:6      | Noticed Eustachio
  6303 | D:6      | Reached *** piety under Uskayaw
  6305 | D:6      | Reached **** piety under Uskayaw
  6313 | D:6      | Reached ***** piety under Uskayaw
  6318 | D:6      | Killed Eustachio
  6319 | D:6      | Reached skill level 1 in Evocations
  6651 | D:7      | Noticed Joseph
  6700 | D:7      | HP: 4/144 [Joseph/+0 quarterstaff (6)]
  6701 | D:7      | Killed Joseph
  6702 | D:7      | Reached skill level 8 in Fighting
  6702 | D:7      | Reached skill level 1 in Invocations
  7198 | D:7      | Found a snail-covered altar of Cheibriados.
  7425 | D:7      | Reached XP level 10. HP: 81/104 MP: 14/14
  7639 | D:7      | Found a glowing golden altar of the Shining One.
  7968 | D:8      | Noticed Maurice
  7974 | D:8      | Killed Maurice
  7984 | D:8      | Reached ****** piety under Uskayaw
  7988 | D:8      | Reached skill level 5 in Throwing
  8756 | D:8      | Found a hazy altar of Hepliaklqana.
  8915 | D:8      | Found a sacrificial altar of Ru.
  9002 | D:8      | Noticed Psyche
  9022 | D:8      | Killed Psyche
  9239 | D:9      | Learned a level 2 spell: Wereblood
  9288 | D:9      | Found a white marble altar of Elyvilon.
  9324 | D:9      | Reached skill level 9 in Fighting
  9722 | D:9      | Reached XP level 11. HP: 101/115 MP: 12/15
 10162 | D:9      | Found a stormy altar of Qazlal.
 10186 | D:9      | Noticed a two-headed ogre
 10214 | D:9      | Killed a two-headed ogre
 10215 | D:9      | Reached skill level 5 in Transmutations
 10251 | D:9      | Found an ornate altar of the Wu Jian Council.
 11246 | D:10     | Entered Level 10 of the Dungeon
 11483 | D:10     | Reached skill level 5 in Invocations
 11486 | D:10     | Reached skill level 10 in Fighting
 11640 | D:10     | Killed from afar by an orc priest

Illustrated notes

Levels and vault maps discovered:
D:1:      minmay_arrival_shattered_statue, layout_basic
D:2:      layout_loops_corners, basic_ecumenical_altar
D:3:      layout_rooms, vehumet_crystals, kennysheep_vampire_church,
          serial_corexii_hall, chequers_hall_statues_corner_a,
          corexii_hall_statues_i, uniq_terence
D:4:      layout_cave_pods, cheibrodos_sewer_entry_bend
D:5:      layout_loops_cross, nicolae_ashenzari_skybound, xom_confusion_cloud
D:6:      layout_cave_pools, minmay_temple_entry_grid, serial_bayou_pond_b,
          minmay_misc_feat_rows, nicolae_nh_ransacked_shop, uniq_eustachio,
          uniq_maggie, uniq_sigmund
D:7:      layout_basic, nicolae_overflow_crystal_walls,
          mainiacjoe_overflow_boulevard, minmay_misc_feat_pillars,
          roderic_lattice_a, uniq_joseph
D:8:      layout_basic, mainiacjoe_overflow_alcove_4, amcnicky_altar_gilded,
          uniq_psyche, uniq_maurice
D:9:      kennysheep_seaside_town, layout_basic, kennysheep_mini_moat,
          mainiacjoe_overflow_six_doors_small, lemuel_round_altar,
          lemuel_flamethrower_2
D:10:     layout_basic, fedhas_altar_2, led_sif_book, erik_lair_orcish_takeover,
          serial_undead, serial_undead_e, serial_undead_f, serial_undead_d,
          serial_undead_b
Temple:   dpeg_three_leaves_temple

Skill      XL: |  1  2  3  4  5  6  7  8  9 10 11 |
---------------+----------------------------------+-----
Fighting       | 3 4 5 6 8 9 10 | 10.0
Dodging        | 3 4 5 6 7 |  7.2
Armour         | 1 2 3 4 |  4.9
Spellcasting   | 1 2 3 |  3.0
Throwing       | 3 4 5 6 |  6.0
Transmutations | 1 2 3 4 5 |  5.4
Axes           | 4 5 7 8 |  8.0
Evocations     | 1 3 |  3.0
Invocations    | 1 3 5 |  5.0

Action                     |  1- 3 |  4- 6 |  7- 9 | 10-12 || total
---------------------------+-------+-------+-------+-------++-------
  Melee: War axe           |    84 |   151 |   231 |   249 ||   715
         Punch             |     1 |       |     3 |     5 ||     9
         Kick              |       |       |     7 |    53 ||    60
         Headbutt          |       |       |     5 |    29 ||    34
  Throw: Stone             |    11 |    42 |    27 |    65 ||   145
         Large rock        |     1 |     1 |     2 |     1 ||     5
         Throwing net      |     1 |     1 |     1 |     2 ||     5
         Dart              |       |       |    27 |    17 ||    44
   Cast: Beastly Appendage |       |       |     4 |    21 ||    25
         Wereblood         |       |       |       |    10 ||    10
  Evoke: Wand              |       |       |     4 |     4 ||     8
    Use: Scroll            |       |     6 |     9 |       ||    15
         Potion            |       |     2 |     3 |     1 ||     6
   Stab: Invisible         |       |       |     5 |       ||     5
         Paralysed         |       |       |     3 |    18 ||    21
 Armour: Robe              |    32 |    68 |    82 |    29 ||   211
         Swamp dragon scal |       |       |       |    99 ||    99
  Dodge: Dodged            |    54 |    93 |   145 |   130 ||   422

Table legend: (Time is in decaauts)
 A = Elapsed time spent in this place.
 B = Non-inter-level travel time spent in this place.
 C = Inter-level travel time spent in this place.
 D = Time resting spent in this place.
 E = Time spent auto-exploring this place.
 F = Levels seen in this place.
 G = Mean time per level.
                   A        B        C        D        E       F      G
               +--------+--------+--------+--------+--------+-----+--------+
         Total |  11799 |  11404 |    395 |   1478 |   7607 |  12 |  983.2 |
       Dungeon |  11033 |  10646 |    387 |   1302 |   7239 |  10 | 1103.3 |
        Temple |    105 |     97 |      8 |      0 |     78 |   1 |  105.0 |
         Sewer |    661 |    661 |      0 |    176 |    290 |   1 |  661.0 |
               +--------+--------+--------+--------+--------+-----+--------+

Top non-repeatable levels by time:
     D:9: 2094 daAuts
     D:2: 1218 daAuts
     D:5: 1216 daAuts
     D:7: 1196 daAuts
     D:6: 1190 daAuts
     D:8: 1068 daAuts
     D:1: 1016 daAuts
     D:4: 871 daAuts
     D:3: 761 daAuts
   Sewer: 661 daAuts
    D:10: 399 daAuts
  Temple: 105 daAuts
